 Dungeon Crawl Stone Soup version 0.27-a0-1189-gb8eb6ce (webtiles) character file.

Game seed: 10379973733943934310

247 GeorgeSoros the Stinger (level 6, -4/50 HPs)
             Began as a Gnoll Wanderer on May 22, 2021.
             Slain by a wyvern zombie (9 damage)
             ... on level 4 of the Dungeon.
             The game lasted 00:10:05 (4240 turns).

GeorgeSoros the Stinger (Gnoll Wanderer)            Turns: 4240, Time: 00:10:06

Health: -4/50      AC:  8    Str: 12    XL:     6   Next: 11%
Magic:  8/8        EV: 11    Int: 13    God:
Gold:   199        SH:  4    Dex: 11    Spells: 7/8 levels left

rFire    . . .     SeeInvis .   a - +3 spear
rCold    . . .     Faith    .   c - +0 buckler
rNeg     . . .     Spirit   .   h - +0 leather armour
rPois    .         Reflect  .   (no helmet)
rElec    .         Harm     .   (no cloak)
rCorr    .         Rampage  .   f - +0 pair of gloves
Will     .....                  (no boots)
Stlth    +.........             (no amulet)
HPRegen  0.16/turn              d - +4 ring of protection
MPRegen  0.11/turn              (no ring)

@: no status effects
A: fangs 1, strong nose, distributed training
a: no special abilities


You were on level 4 of the Dungeon.
You visited 1 branch of the dungeon, and saw 4 of its levels.

You collected 199 gold pieces.

Inventory:

Hand Weapons
 a - a +3 spear (weapon)
Armour
 c - a +0 buckler (worn)
 f - a +0 pair of gloves (worn)
 h - a +0 leather armour (worn)
Jewellery
 d - a +4 ring of protection (left hand)
Scrolls
 j - a scroll of enchant weapon
 k - a scroll of teleportation
Potions
 b - 2 potions of brilliance
 e - a potion of mutation
 g - 4 potions of curing {unknown}
 i - a potion of heal wounds {unknown}


   Skills:
 + Level 4.9 Fighting
 + Level 1.8 Short Blades
 + Level 1.8 Long Blades
 + Level 1.8 Axes
 + Level 1.8 Maces & Flails
 + Level 1.8 Polearms
 + Level 1.8 Staves
 + Level 1.8 Slings
 + Level 1.8 Bows
 + Level 1.8 Crossbows
 + Level 3.1 Throwing
 + Level 3.1 Armour
 + Level 1.8 Dodging
 + Level 1.8 Stealth
 + Level 3.1 Shields
 + Level 1.8 Unarmed Combat
 + Level 1.8 Spellcasting
 + Level 1.4 Conjurations
 + Level 1.4 Hexes
 + Level 1.4 Summonings
 + Level 4.0 Necromancy
 + Level 1.4 Translocations
 + Level 1.4 Transmutations
 + Level 1.4 Fire Magic
 + Level 1.4 Ice Magic
 + Level 1.4 Air Magic
 + Level 1.4 Earth Magic
 + Level 5.6 Poison Magic
 + Level 2.0 Invocations
 + Level 1.8 Evocations


You had 7 spell levels left.
You knew the following spells:

 Your Spells              Type           Power      Damage    Failure   Level
a - Pain                  Necr           44%        1d6       7%          1

Your spell library contained the following spells:

 Spells                   Type           Power      Damage    Failure   Level
 Shock                    Conj/Air       16%        1d4       21%         1
 Vampiric Draining        Necr           5%         2d6       21%         3
 Static Discharge         Conj/Air       4%         N/A       30%         2
 Swiftness                Air            4%         N/A       52%         3
 Airstrike                Air            2%         N/A       90%         4
 Lightning Bolt           Conj/Air       2%         1d13      99%         5


Dungeon Overview and Level Annotations

Branches:
Dungeon (4/15)
 Temple: D:4-7

Altars:


Innate Abilities, Weirdness & Mutations

You have very sharp teeth.
Your uncanny sense of smell can sniff out nearby items.
Your experience applies equally to all skills.


Message History

You hit the wyvern zombie but do no damage.
The wyvern zombie is moderately damaged.
The wyvern zombie closely misses you.
The wyvern zombie bites you but does no damage.
The wyvern zombie bites you! The wyvern zombie barely misses you.
You hit the wyvern zombie.
The wyvern zombie is heavily damaged.
The wyvern zombie bites you but does no damage.
You hit the wyvern zombie.
The wyvern zombie is severely damaged.
The wyvern zombie bites you.
You hit the wyvern zombie.
You bite the wyvern zombie, but do no damage.
The wyvern zombie is severely damaged.
The wyvern zombie bites you but does no damage.
The wyvern zombie closely misses you.
Your shield and leather armour prevent you from hitting the wyvern zombie.
The wyvern zombie is severely damaged.
The wyvern zombie bites you.
You hit the wyvern zombie.
The wyvern zombie is severely damaged.
The wyvern zombie bites you.
* * * LOW HITPOINT WARNING * * *
You barely miss the wyvern zombie.
The wyvern zombie is severely damaged.
The wyvern zombie bites you!
* * * LOW HITPOINT WARNING * * *
The wyvern zombie closely misses you.
Okay, then.
You block the wyvern zombie's attack. The wyvern zombie barely misses you.
The wyvern zombie bites you.
* * * LOW HITPOINT WARNING * * *
The wyvern zombie barely misses you.
The wyvern zombie bites you but does no damage.
The wyvern zombie misses you.
Found a stone staircase leading down.
The wyvern zombie bites you!
You die...

#..###...###.... ##..#
##......... ##..##
##........ #. #...#
#..###### #.. ##..##
##..# #..###...# #...#
#......).######...#
.(..............Z.#
#...............@.#
###....................
###....######........
##...## ##.......
#....######.......
#..(......#.......
##...........>....
####...........####
##...#.......


You could see a wyvern zombie.

Vanquished Creatures
  A jelly (D:2)
  A hound (D:3)
  2 orc priests
  3 gnolls
  An adder (D:2)
  An adder skeleton (D:4)
  A worm (D:2)
  2 dart slugs
  6 orcs (D:3)
  2 ball pythons (D:1)
  9 endoplasms
  5 giant cockroaches
  8 goblins
  A hobgoblin (D:1)
  4 jackals (D:1)
  3 quokkas
  7 bats
  2 frilled lizards (D:1)
  5 kobolds
  4 rats (D:1)
68 creatures vanquished.

Notes
Turn   | Place    | Note
-------+----------+-------------------------------------------
     0 | D:1      | GeorgeSoros the Gnoll Wanderer began the quest for the Orb.
     0 | D:1      | GeorgeSoros set off with the following items: a +2 spear, a
                  | +0 buckler, a +0 robe; and the following spell memorised:
                  | Pain; and the following spells available to memorise:
                  | Vampiric Draining
     0 | D:1      | Reached XP level 1. HP: 20/20 MP: 1/1
   203 | D:1      | Reached XP level 2. HP: 18/26 MP: 0/2
   694 | D:1      | Found a faded altar of an unknown god.
   716 | D:1      | Reached XP level 3. HP: 31/31 MP: 3/3
  1266 | D:1      | Reached skill level 1 in Invocations
  1556 | D:2      | Reached skill level 1 in Short Blades
  1556 | D:2      | Reached skill level 1 in Long Blades
  1556 | D:2      | Reached skill level 1 in Axes
  1556 | D:2      | Reached skill level 1 in Maces & Flails
  1556 | D:2      | Reached skill level 1 in Polearms
  1556 | D:2      | Reached skill level 1 in Staves
  1556 | D:2      | Reached skill level 1 in Slings
  1556 | D:2      | Reached skill level 1 in Bows
  1556 | D:2      | Reached skill level 1 in Crossbows
  1556 | D:2      | Reached skill level 1 in Dodging
  1556 | D:2      | Reached skill level 1 in Stealth
  1556 | D:2      | Reached skill level 1 in Unarmed Combat
  1556 | D:2      | Reached skill level 1 in Spellcasting
  1556 | D:2      | Reached skill level 1 in Evocations
  1556 | D:2      | Reached XP level 4. HP: 23/38 MP: 0/5
  2067 | D:2      | Reached skill level 1 in Conjurations
  2067 | D:2      | Reached skill level 1 in Hexes
  2067 | D:2      | Reached skill level 1 in Summonings
  2067 | D:2      | Reached skill level 1 in Translocations
  2067 | D:2      | Reached skill level 1 in Transmutations
  2067 | D:2      | Reached skill level 1 in Fire Magic
  2067 | D:2      | Reached skill level 1 in Ice Magic
  2067 | D:2      | Reached skill level 1 in Air Magic
  2067 | D:2      | Reached skill level 1 in Earth Magic
  2651 | D:3      | Reached XP level 5. HP: 39/43 MP: 3/7
  3926 | D:4      | Reached XP level 6. HP: 28/50 MP: 3/8
  4218 | D:4      | HP: 2/50 [wyvern zombie (12)]
  4240 | D:4      | Slain by a wyvern zombie

Illustrated notes

Levels and vault maps discovered:
D:1:      minmay_arrival_shattered_statue, layout_basic,
          shapermc_ecumenical_altar_starsandcircs, nrook_campfire,
          minmay_heptomino_o4
D:2:      layout_basic, kennysheep_crisscross
D:3:      layout_basic, guppyfry_early_lair_pool
D:4:      layout_layer_cave, minmay_temple_entry_crystal_x

Skill      XL: |  1  2  3  4  5 |
---------------+----------------+-----
Invocations    | 1 2 |  2.0
Short Blades   | 1 |  1.8
Long Blades    | 1 |  1.8
Axes           | 1 |  1.8
Maces & Flails | 1 |  1.8
Polearms       | 1 |  1.8
Staves         | 1 |  1.8
Slings         | 1 |  1.8
Bows           | 1 |  1.8
Crossbows      | 1 |  1.8
Dodging        | 1 |  1.8
Stealth        | 1 |  1.8
Unarmed Combat | 1 |  1.8
Spellcasting   | 1 |  1.8
Evocations     | 1 |  1.8
Conjurations   | 1 |  1.4
Hexes          | 1 |  1.4
Summonings     | 1 |  1.4
Translocations | 1 |  1.4
Transmutations | 1 |  1.4
Fire Magic     | 1 |  1.4
Ice Magic      | 1 |  1.4
Air Magic      | 1 |  1.4
Earth Magic    | 1 |  1.4
Throwing       | 3 |  3.1
Armour         | 3 |  3.1
Shields        | 3 |  3.1
Necromancy     | 4 |  4.0
Fighting       | |  4.9
Poison Magic   | |  5.6

Action                   |  1- 3 |  4- 6 || total
-------------------------+-------+-------++-------
Melee: Spear             |    81 |   120 ||   201
       Bite              |     8 |     9 ||    17
 Cast: Pain              |    23 |    51 ||    74
  Use: Scroll            |     2 |     5 ||     7
 Stab: Sleeping          |     1 |       ||     1
Armor: Robe              |    11 |       ||    11
       Leather armour    |     1 |    46 ||    47
Dodge: Dodged            |    44 |    51 ||    95
Block: Buckler           |    11 |    22 ||    33

Table legend: (Time is in decaauts)
 A = Elapsed time spent in this place.
 B = Non-inter-level travel time spent in this place.
 C = Inter-level travel time spent in this place.
 D = Time resting spent in this place.
 E = Time spent auto-exploring this place.
 F = Levels seen in this place.
 G = Mean time per level.
                   A        B        C        D        E       F      G
               +--------+--------+--------+--------+--------+-----+--------+
         Total |   4262 |   4148 |    114 |    677 |   2790 |   4 | 1065.5 |
       Dungeon |   4262 |   4148 |    114 |    677 |   2790 |   4 | 1065.5 |
               +--------+--------+--------+--------+--------+-----+--------+

Top non-repeatable levels by time:
     D:1: 1441 daAuts
     D:2: 1294 daAuts
     D:3: 1283 daAuts
     D:4: 243 daAuts
